 Dungeon Crawl Stone Soup version 0.29-a0-317-gd16b76e6b1 (webtiles) character file.

Game seed: 12222877289342979151

975 Dabor the Magician (level 8, -3/67 HPs)
             Began as a Gnoll Wanderer on Apr 1, 2022.
             Was an Initiate of Yredelemnul.
             Slain by a gnoll
             ... wielding a +0 spear
              (5 damage)
             ... on level 4 of the Dungeon.
             The game lasted 00:08:11 (2913 turns).

Dabor the Magician (Gnoll Wanderer)                 Turns: 2913, Time: 00:08:11

Health: -3/67      AC:  4    Str: 14    XL:     8   Next: 16%
Magic:  12/19      EV: 12    Int: 11    God:    Yredelemnul [......]
Gold:   141        SH:  0    Dex: 12    Spells: 18/22 levels left

rFire   . . .      SeeInvis .   a - +3 quarterstaff
rCold   . . .      Faith    .   (shield currently unavailable)
rNeg    . . .      Spirit   .   c - +0 leather armour
rPois   .          Reflect  .   (no helmet)
rElec   .          Harm     .   (no cloak)
rCorr   .          Rampage  .   l - +0 pair of gloves
Will    .....                   (no boots)
Stlth   ++........              q - amulet of the acrobat
HPRegen 0.21/turn               (no ring)
MPRegen 0.16/turn               (no ring)

@: flying
A: fangs 1, strong nose, distributed training
a: Renounce Religion, Recall Undead Harvest


You were on level 4 of the Dungeon.
You worshipped Yredelemnul.
Yredelemnul was noncommittal.
You visited 1 branch of the dungeon, and saw 5 of its levels.

You collected 141 gold pieces.

Inventory:

Hand Weapons
 a - a +3 quarterstaff (weapon)
 i - a +4 short sword
Missiles
 p - a throwing net
Armour
 c - a +0 leather armour (worn)
 l - a +0 pair of gloves (worn)
Jewellery
 q - an amulet of the acrobat (around neck)
Scrolls
 b - a scroll of fog
 d - a scroll of blinking {unknown}
 g - a scroll of torment {unknown}
 k - a scroll of magic mapping {unknown}
 m - 2 scrolls of identify {unknown}
 n - 2 scrolls of teleportation {unknown}
 o - a scroll of fear {unknown}
Potions
 f - a potion of invisibility {unknown}
 h - a potion of flight
 j - a potion of mutation {unknown}
 r - a potion of resistance {unknown}
 s - a potion of magic {unknown}
 u - a potion of degeneration {unknown}


   Skills:
 + Level 7.2 Fighting
 + Level 3.0 Short Blades
 + Level 3.0 Long Blades
 + Level 3.0 Axes
 + Level 3.0 Maces & Flails
 + Level 3.0 Polearms
 + Level 5.5 Staves
 + Level 3.0 Slings
 + Level 3.0 Bows
 + Level 3.0 Crossbows
 + Level 4.0 Throwing
 + Level 4.0 Armour
 + Level 3.0 Dodging
 + Level 3.0 Stealth
 + Level 3.0 Shields
 + Level 3.0 Unarmed Combat
 + Level 7.8 Spellcasting
 + Level 2.4 Conjurations
 + Level 2.4 Hexes
 + Level 2.4 Summonings
 + Level 2.4 Necromancy
 + Level 2.4 Translocations
 + Level 2.4 Transmutations
 + Level 2.4 Fire Magic
 + Level 2.4 Ice Magic
 + Level 2.4 Air Magic
 + Level 2.4 Earth Magic
 + Level 2.4 Poison Magic
 + Level 3.3 Invocations
 + Level 3.0 Evocations


You had 18 spell levels left.
You knew the following spells:

 Your Spells              Type           Power      Damage    Failure   Level
a - Sting                 Tmut/Pois      36%        1d4       8%          1
b - Call Canine Familiar  Summ           9%         N/A       22%         3

Your spell library contained the following spells:

 Spells                   Type           Power      Damage    Failure   Level
 Summon Small Mammal      Summ           36%        N/A       8%          1
 Gell's Gravitas          Tloc           9%         N/A       22%         3
 Ignite Poison            Fire/Tmut/Pois 9%         N/A       22%         3
 Lesser Beckoning         Tloc           9%         N/A       22%         3
 Summon Guardian Golem    Hex/Summ       9%         N/A       22%         3
 Teleport Other           Tloc           9%         N/A       22%         3


Dungeon Overview and Level Annotations

Branches:
Dungeon (5/15)
 Temple: D:4-7

Altars:
Cheibriados
Yredelemnul


Innate Abilities, Weirdness & Mutations

You have very sharp teeth.
Your uncanny sense of smell can sniff out nearby items.
Your experience applies equally to all skills.


Message History

The hound attacks as you move away! The hound completely misses you.
The gnoll completely misses you. The hound attacks as you move away!
The hound completely misses you. x2
Casting: Sting (safe; 8% risk of failure)
Confirm with . or Enter, or press ? or * to list all spells.
Okay, then.
Unknown command.
The hound attacks as you move away! The hound bites you.
An orc comes into view. It is wielding a +0 short sword.
The hound misses you.
The orc moves out of view.
Casting: Sting (safe; 8% risk of failure)
Confirm with . or Enter, or press ? or * to list all spells.
The gnoll barely misses you. The hound closely misses you.
The gnoll hits you from afar with a +0 spear.
The hound attacks as you move away!
The hound bites you but does no damage. x2
You hit the hound.
The hound is lightly wounded.
Your hound closely misses the hound.
The gnoll closely misses you. The hound bites you.
* * * LOW HITPOINT WARNING * * *
The gnoll hits you but does no damage.
Your hound completely misses the hound.
The orc priest miscasts a cantrip.
You closely miss the hound.
The hound is lightly wounded.
The hound bites you but does no damage.
Your hound bites the hound but does no damage.
The gnoll hits you from afar with a +0 spear.
* * * LOW HITPOINT WARNING * * *
The hound bites you.
* * * LOW HITPOINT WARNING * * *
It was a potion of flight.
You feel very buoyant.
You fly up into the air.
Your hound bites the hound.
The gnoll hits you from afar with a +0 spear!
* * * LOW HITPOINT WARNING * * *
The hound bites you.
* * * LOW HITPOINT WARNING * * *
The gnoll hits you from afar with a +0 spear.
You die...
Your body rises from the dead as a mindless zombie.

#.# #g# #.# #.# #####.#
#g# ......# #g# ......#
#.#
......###############.#
......g.ggog....).g.o>#
#####.##############.##
#g#.....oggh@# #.#
###)#....#####h# #.#
#...#....# #.# #.#
#g###.###### #.# #.#
#.#.o......# #.# #.#
#g#.#.####.# #.. ...
#.#.#.# ### #...#.#
#####.#


You could see a hound (ally target), an orc priest, 2 gnolls and a friendly
hound (summoned).

Vanquished Creatures
  A wraith (D:5)
  A gnoll sergeant (D:5)
  A scorpion (D:5)
  4 wights (D:5)
  A howler monkey (D:5)
  4 hounds (D:5)
  2 gnoll shamans
  An orc priest (D:5)
  Terence (D:2)
  An orc wizard (D:5)
  9 gnolls
  4 adders
  4 orcs (D:5)
  3 endoplasms
  3 giant cockroaches
  2 goblins
  2 hobgoblins (D:2)
  2 jackals (D:2)
  3 kobolds
  A quokka (D:2)
  4 bats
  6 frilled lizards (D:1)
  5 rats
65 creatures vanquished.

Vanquished Creatures (collateral kills)
  An orc wizard (D:5)
  A worm (D:2)
  An orc (D:5)
  A gnoll zombie (D:5)
  A kobold (D:2)
  A quokka (D:2)
  A ball python (D:2)
  2 bats (D:2)
9 creatures vanquished.

Vanquished Creatures (others)
  2 hound zombies (D:5)
  A howler monkey zombie (D:5)
  An adder zombie (D:5)
  3 bat zombies (D:2)
  4 gnoll zombies (D:5)
  A hobgoblin zombie (D:2)
  A jackal zombie (D:2)
  2 orc zombies (D:5)
15 creatures vanquished.

Grand Total: 89 creatures vanquished

Notes
Turn   | Place    | Note
-------+----------+-------------------------------------------
     0 | D:1      | Dabor the Gnoll Wanderer began the quest for the Orb.
     0 | D:1      | Dabor set off with the following items: a +3 quarterstaff,
                  | a scroll of fog, a +0 leather armour; and the following
                  | spell memorised: Sting; and the following spells available
                  | to memorise: Ignite Poison
     0 | D:1      | Reached XP level 1. HP: 23/23 MP: 8/8
   176 | D:1      | Reached XP level 2. HP: 19/29 MP: 10/10
   824 | D:2      | Found a faded altar of an unknown god.
   836 | D:2      | Prayed at the altar of an unknown god.
   836 | D:2      | Became a worshipper of Yredelemnul the Dark
   836 | D:2      | Reached * piety under Yredelemnul
   923 | D:2      | Reached XP level 3. HP: 35/35 MP: 11/11
   980 | D:2      | Reached ** piety under Yredelemnul
  1017 | D:2      | Reached skill level 1 in Invocations
  1017 | D:2      | Noticed Terence
  1027 | D:2      | Killed Terence
  1028 | D:2      | Reached skill level 1 in Short Blades
  1028 | D:2      | Reached skill level 1 in Long Blades
  1028 | D:2      | Reached skill level 1 in Axes
  1028 | D:2      | Reached skill level 1 in Maces & Flails
  1028 | D:2      | Reached skill level 1 in Polearms
  1028 | D:2      | Reached skill level 1 in Slings
  1028 | D:2      | Reached skill level 1 in Bows
  1028 | D:2      | Reached skill level 1 in Crossbows
  1028 | D:2      | Reached skill level 1 in Dodging
  1028 | D:2      | Reached skill level 1 in Stealth
  1028 | D:2      | Reached skill level 1 in Shields
  1028 | D:2      | Reached skill level 1 in Unarmed Combat
  1028 | D:2      | Reached skill level 1 in Evocations
  1028 | D:2      | Reached XP level 4. HP: 34/41 MP: 13/13
  1130 | D:2      | Reached *** piety under Yredelemnul
  1192 | D:2      | Learned a level 3 spell: Call Canine Familiar
  1205 | D:2      | Found a snail-covered altar of Cheibriados.
  1649 | D:3      | Reached skill level 1 in Conjurations
  1649 | D:3      | Reached skill level 1 in Hexes
  1649 | D:3      | Reached skill level 1 in Summonings
  1649 | D:3      | Reached skill level 1 in Necromancy
  1649 | D:3      | Reached skill level 1 in Translocations
  1649 | D:3      | Reached skill level 1 in Transmutations
  1649 | D:3      | Reached skill level 1 in Fire Magic
  1649 | D:3      | Reached skill level 1 in Ice Magic
  1649 | D:3      | Reached skill level 1 in Air Magic
  1649 | D:3      | Reached skill level 1 in Earth Magic
  1649 | D:3      | Reached skill level 1 in Poison Magic
  1847 | D:3      | You fall into a shaft and drop 2 floors!
  1847 | D:5      | Entered Level 5 of the Dungeon
  1891 | D:5      | Reached XP level 5. HP: 42/47 MP: 12/14
  1926 | D:5      | Noticed a wraith
  1936 | D:5      | Killed a wraith
  1937 | D:5      | Reached skill level 5 in Staves
  1937 | D:5      | Reached XP level 6. HP: 37/53 MP: 16/16
  2085 | D:5      | Reached XP level 7. HP: 28/59 MP: 18/18
  2563 | D:5      | Reached XP level 8. HP: 27/67 MP: 19/19
  2913 | D:4      | HP: 2/67 [hound (2)]
  2913 | D:4      | Slain by a gnoll

Illustrated notes

Levels and vault maps discovered:
D:1:      dpeg_arrival_rhombus, layout_loops_ring, minmay_lizard_pond
D:2:      layout_rooms, basic_ecumenical_altar, basic_altar, uniq_terence
D:3:      layout_basic
D:4:      minmay_chambers_of_twos, layout_basic, minmay_temple_entry_poolview,
          serial_corexii_hall, chequers_hall_statues_wall_a,
          chequers_hall_statues_y, grunt_decor_resistance, uniq_menkaure
D:5:      layout_basic, zin_academy

Skill      XL: |  1  2  3  4  5  6  7  8 |
---------------+-------------------------+-----
Invocations    | 1 2 3 |  3.3
Short Blades   | 1 2 3 |  3.0
Long Blades    | 1 2 3 |  3.0
Axes           | 1 2 3 |  3.0
Maces & Flails | 1 2 3 |  3.0
Polearms       | 1 2 3 |  3.0
Slings         | 1 2 3 |  3.0
Bows           | 1 2 3 |  3.0
Crossbows      | 1 2 3 |  3.0
Dodging        | 1 2 3 |  3.0
Stealth        | 1 2 3 |  3.0
Shields        | 1 2 3 |  3.0
Unarmed Combat | 1 2 3 |  3.0
Evocations     | 1 2 3 |  3.0
Conjurations   | 1 2 |  2.4
Hexes          | 1 2 |  2.4
Summonings     | 1 2 |  2.4
Necromancy     | 1 2 |  2.4
Translocations | 1 2 |  2.4
Transmutations | 1 2 |  2.4
Fire Magic     | 1 2 |  2.4
Ice Magic      | 1 2 |  2.4
Air Magic      | 1 2 |  2.4
Earth Magic    | 1 2 |  2.4
Poison Magic   | 1 2 |  2.4
Throwing       | 3 4 |  4.0
Armour         | 3 4 |  4.0
Staves         | 5 |  5.5
Fighting       | 7 |  7.2
Spellcasting   | |  7.8

Action                   |  1- 3 |  4- 6 |  7- 9 || total
-------------------------+-------+-------+-------++-------
Melee: Quarterstaff      |    58 |    52 |    41 ||   151
       Bite              |     3 |     8 |     5 ||    16
Throw: Javelin           |       |     4 |     1 ||     5
 Cast: Sting             |     7 |     2 |    19 ||    28
       Call Canine Famil |       |       |     1 ||     1
Invok: Dark Bargain      |       |     3 |       ||     3
       Recall Undead Har |       |     1 |       ||     1
Evoke: Wand              |       |     5 |    23 ||    28
  Use: Potion            |       |       |     3 ||     3
Armor: Leather armour    |    11 |    14 |    14 ||    39
Dodge: Dodged            |    21 |    44 |    52 ||   117

Table legend: (Time is in decaauts)
 A = Elapsed time spent in this place.
 B = Non-inter-level travel time spent in this place.
 C = Inter-level travel time spent in this place.
 D = Time resting spent in this place.
 E = Time spent auto-exploring this place.
 F = Levels seen in this place.
 G = Mean time per level.
                   A        B        C        D        E       F      G
               +--------+--------+--------+--------+--------+-----+--------+
         Total |   2928 |   2820 |    108 |    535 |   1495 |   5 |  585.6 |
       Dungeon |   2928 |   2820 |    108 |    535 |   1495 |   5 |  585.6 |
               +--------+--------+--------+--------+--------+-----+--------+

Top non-repeatable levels by time:
     D:5: 1021 daAuts
     D:1: 806 daAuts
     D:2: 682 daAuts
     D:3: 365 daAuts
     D:4: 52 daAuts
